Map: Triton LE

Players

Obsirver

  • Race: Protoss Protoss
  • League: Master
  • Spawn Location: 11:00

Toperoco - Winner!

  • Race: Terran Terran
  • League: Master
  • Spawn Location: 5:00

VOD

Have the link to the VOD?

Description

Time

  • Played on: Feb. 1, 2020, 2:22 p.m.
  • Length: 10:49
Show
View Real Time Build Order
Export as new Build Order

Obsirver Protoss 

Build Orders:  

Get SALT Encoding   

  12  0:02  Probe  
  13  0:14  Probe  
  13  0:19  Pylon  
  14  0:26  Probe  
  15  0:38  Probe (Chrono Boost), Pylon  
  16  0:49  Probe (Chrono Boost)  
  17  0:54  Probe (Chrono Boost)  
  17  0:56  Gateway  
  18  1:01  Assimilator  
  18  1:05  Probe  
  19  1:17  Probe  
  20  1:29  Probe  
  21  1:42  Probe  
  21  1:44  Zealot (Chrono Boost)  
  24  1:50  Cybernetics Core  
  24  1:55  Nexus  
  24  2:06  Assimilator  
  24  2:09  Probe  
  25  2:21  Probe (Chrono Boost)  
  26  2:26  Stalker  
  28  2:31  Warp Gate  
  28  2:33  Probe (Chrono Boost)  
  26  2:54  Probe  
  26  2:58  Twilight Council  
  27  3:00  Robotics Facility  
  26  3:14  Stalker  
  27  3:39  Probe (Chrono Boost)  
  27  3:40  Probe (Chrono Boost)  
  29  3:45  Charge  
  29  3:48  Warp Prism  
  29  3:51  Probe x2 (Chrono Boost)  
  29  3:53  Pylon  
  33  3:55  Probe (Chrono Boost)  
  33  3:56  Probe (Chrono Boost)  
  33  3:57  Pylon  
  35  4:06  Probe x2  
  37  4:18  Probe x2 (Chrono Boost)  
  37  4:23  Warp Prism  
  39  4:31  Probe (Chrono Boost)  
  42  4:32  Gateway  
  42  4:34  Gateway  
  42  4:40  Gateway  
  42  4:46  Gateway  
  42  4:47  Probe  
  42  4:52  Probe  
  44  4:59  Probe  
  45  5:00  Gateway  
  45  5:05  Gateway  
  45  5:10  Gateway  
  45  5:15  Gateway  
  45  5:26  Pylon  
  45  5:29  Zealot  
  45  5:30  Zealot  
  49  5:40  Warp Prism  
  51  5:50  Zealot x3  
  51  5:51  Zealot  
  51  5:56  Zealot  
  61  6:08  Pylon  
  61  6:10  Pylon  
  61  6:13  Pylon  
  61  6:15  Pylon  
  61  6:22  Blink  
  61  6:26  Zealot  
  63  6:42  Pylon  
  63  6:57  Zealot  
  43  7:14  Zealot x9  
  45  7:35  Zealot x4  
  51  7:39  Zealot  
  51  7:40  Zealot x3  
  51  7:42  Zealot  
  51  7:43  Zealot x4  
  61  7:46  Warp Prism  
  59  8:01  Zealot  
  59  8:02  Zealot x3  
  59  8:03  Zealot  
  47  8:06  Zealot x9  
  53  8:22  Warp Prism  
  41  8:29  Zealot x7  
  41  8:57  Zealot x7  
  45  9:31  Zealot x6  
  41  9:32  Zealot x2  
  26  9:53  Stalker x3  
  30  10:07  Stalker  
  28  10:14  Zealot  
  26  10:30  Stalker  
  26  10:35  Zealot  
Show
View Real Time Build Order
Export as new Build Order

Toperoco Terran - Winner!

Build Orders: Gas First Reaper Expand 

Get SALT Encoding   

  12  0:01  SCV  
  13  0:13  SCV  
  14  0:18  Supply Depot  
  14  0:25  SCV  
  14  0:27  Refinery  
  15  0:40  SCV  
  16  0:45  Barracks  
  16  0:52  SCV  
  17  1:05  SCV  
  18  1:17  SCV  
  19  1:33  Orbital Command  
  19  1:34  Reaper  
  20  1:43  Command Center  
  20  1:54  Factory  
  20  1:59  SCV  
  21  2:07  Barracks Reactor  
  21  2:11  SCV, Refinery  
  22  2:16  Supply Depot  
  22  2:36  SCV  
  22  2:45  Factory Tech Lab  
  22  2:46  Marine x2  
  22  2:49  SCV  
  25  3:01  SCV  
  26  3:13  Marine  
  26  3:14  Marine  
  26  3:18  Cyclone  
  31  3:32  SCV  
  33  3:36  Starport  
  33  3:37  Orbital Command  
  33  3:40  Bunker  
  31  3:44  SCV  
  31  3:46  Marine x2  
  34  3:56  SCV  
  35  4:03  SCV  
  35  4:06  Marine x2  
  35  4:08  SCV  
  39  4:15  SCV  
  40  4:17  Barracks  
  40  4:19  Barracks  
  40  4:20  SCV  
  41  4:26  Marine x2  
  41  4:27  SCV  
  41  4:28  Factory Tech Lab  
  44  4:33  SCV  
  44  4:36  Supply Depot  
  45  4:40  SCV  
  46  4:50  Supply Depot  
  46  4:57  SCV x2, Siege Tank, Liberator  
  54  5:07  Supply Depot  
  54  5:09  Stimpack, Barracks Tech Lab  
  54  5:11  SCV x2, Marine x2  
  54  5:12  Marauder  
  60  5:24  SCV  
  60  5:25  SCV  
  62  5:29  Supply Depot, Marine x2, Siege Tank  
  62  5:34  Supply Depot  
  67  5:36  SCV  
  67  5:41  Medivac  
  70  5:48  Supply Depot  
  70  5:51  SCV x2, Supply Depot, Marauder x2, Marine x2  
  78  6:00  Refinery x2  
  78  6:03  SCV  
  79  6:06  Supply Depot  
  79  6:09  Marine  
  79  6:10  Marine  
  81  6:13  Siege Tank  
  81  6:16  SCV, Marauder  
  87  6:18  Engineering Bay  
  87  6:19  SCV  
  87  6:20  Engineering Bay  
  88  6:31  Command Center  
  88  6:38  SCV  
  88  6:39  Marine x2  
  91  6:40  Marauder  
  91  6:41  Marauder  
  91  6:44  Medivac  
  91  7:02  SCV x2  
  90  7:14  SCV x2  
  92  7:16  Marine x2  
  92  7:17  Combat Shield, Marauder x2  
  98  7:26  SCV  
  93  7:30  SCV  
  93  7:34  Marine x2  
  93  7:35  Bunker, Siege Tank  
  99  7:38  SCV, Marauder, Marine  
  99  7:42  SCV  
  105  7:44  SCV  
  105  7:45  Terran Infantry Weapons Level 1  
  105  7:46  Terran Infantry Armor Level 1  
  105  7:50  SCV  
  106  7:54  SCV  
  106  7:56  SCV  
  106  8:03  SCV  
  100  8:07  SCV  
  100  8:08  SCV  
  99  8:18  SCV  
  99  8:19  SCV  
  92  8:20  SCV  
  88  8:28  Marine x3  
  88  8:30  SCV  
  92  8:35  SCV x2  
  92  8:36  Marine  
  95  8:42  SCV  
  95  8:46  Marine x3  
  95  8:47  SCV  
  91  8:54  Marine  
  91  8:55  Siege Tank  
  95  8:56  SCV x2, Medivac  
  95  8:59  Barracks  
  95  9:00  Barracks  
  99  9:04  Marine x2  
  99  9:05  Marauder  
  99  9:12  Marauder  
  99  9:13  SCV  
  99  9:14  SCV  
  103  9:22  Marine x2  
  104  9:25  Medivac  
  104  9:26  Marauder  
  104  9:32  SCV x2  
  106  9:38  Marine  
  106  9:39  Marine  
  102  9:46  SCV x2  
  102  9:47  Marauder, Marine  
  102  9:48  Siege Tank  
  102  9:49  Barracks Reactor, Barracks Tech Lab  
  110  9:56  Armory, Marine  
  111  10:06  SCV  
  109  10:09  Marauder  
  109  10:13  Orbital Command  
  110  10:14  Marauder  
  110  10:21  Marine x2  
  116  10:30  Marine  
  116  10:33  SCV  
  123  10:46  Supply Depot  
Tags
 
Add a new tag
Caveats
  • Supply blocks, unpowered buildings, or Contaminate may cause inaccurate times.
  • Supply counts are checked every 10 seconds.